 Dungeon Crawl Stone Soup version 0.30.0-5-g1a98f26d00 (webtiles) character file.

Game seed: 1017514645231751128

19763 math4jedi the Cleaver (level 12, -6/110 HPs)
             Began as a Minotaur Berserker on May 10, 2023.
             Was an Elder of Trog.
             Mangled by a deep troll (17 damage)
             ... on level 1 of the Orcish Mines.
             The game lasted 00:35:41 (10459 turns).

math4jedi the Cleaver (Minotaur Berserker)         Turns: 10459, Time: 00:35:41

Health: -6/110     AC: 29    Str: 27    XL:     12   Next: 39%
Magic:  11/11      EV:  9    Int:  4    God:    Trog [****..]
Gold:   1059       SH:  0    Dex: 10    Spells: 11/11 levels left

rFire   + . .        b - +1 war axe (freeze)
rCold   . . .        (no shield)
rNeg    + . .        i - +0 crystal plate armour
rPois   .            (helmet restricted)
rElec   .            w - +0 cloak
rCorr   .            j - +0 pair of gloves
SInv    .            h - +4 pair of boots "Maexkeg" {rN+ Slay+3}
Will    ++...        (no amulet) Stlth
                     v - ring of protection from fire
HPRegen 1.38/turn    (no ring)
MPRegen 0.12/turn

%: no passive effects
@: strong-willed, regenerating, studying 2 skills
A: horns 2, retaliatory headbutt
a: Renounce Religion, Berserk, Trog's Hand, Brothers in Arms


You were on level 1 of the Orcish Mines.
You worshipped Trog.
Trog was greatly pleased with you.
You visited 3 branches of the dungeon, and saw 14 of its levels.
You also visited: Bailey.

You collected 1059 gold pieces.

Inventory:

Hand Weapons
 a - a +3 sling of draining
 b - a +1 war axe of freezing (weapon)
 k - a +0 broad axe
 o - a +0 battleaxe
 y - a +3 hand axe of draining
 D - a +0 hand axe
 I - a +2 flail of draining
 M - a +3 trident
Missiles
 l - 15 poisoned darts (quivered)
Armour
 f - a +0 robe
 h - the +4 pair of boots "Maexkeg" (worn) {rN+ Slay+3}
   (You acquired it on level 4 of the Dungeon)

   Slay:      It affects your accuracy & damage with ranged weapons and melee
   (+3).
   rN:        It protects you from negative energy.
 i - a +0 crystal plate armour (worn)
 j - a +0 pair of gloves (worn)
 w - a +0 cloak (worn)
 H - a +0 animal skin
Jewellery
 v - a ring of protection from fire (left hand)
Wands
 s - a wand of roots (24)
 J - a wand of paralysis (5)
 K - a wand of flame (9)
Scrolls
 c - 4 scrolls of brand weapon
 e - 3 scrolls of enchant weapon
 g - 3 scrolls of immolation
 q - 5 scrolls of teleportation
 r - a scroll of magic mapping
 t - 2 scrolls of poison
 z - a scroll of fear {unknown}
 F - 3 scrolls of fog
 G - 2 scrolls of blinking
 L - 2 scrolls of enchant armour
Potions
 d - 3 potions of magic
 m - 2 potions of resistance
 n - 4 potions of lignification
 p - 2 potions of curing
 u - 2 potions of attraction
 x - a potion of might
 B - a potion of haste {unknown}
 C - a potion of brilliance {unknown}
 E - a potion of cancellation {unknown}


   Skills:
 + Level 11.6 Fighting
 * Level 13.6 Axes
 + Level 6.2 Ranged Weapons
 + Level 11.6 Armour
 - Level 12.0 Dodging
 - Level 6.0 Evocations


You had 11 spell levels left.
You didn't know any spells.
Your spell library was empty.

Dungeon Overview and Level Annotations

Branches:
Dungeon (11/15)            Temple (0/1) D:4            Lair (1/5) D:10
    Orc (2/2) D:10         Bailey (visited)
    Elf: Orc:2

Altars:
Ashenzari
Gozag
Nemelex Xobeh
Okawaru
Trog
Xom
The Shining One

Shops:
D:2 *   D:8 !   D:9 :!(!   Orc:2 ***


Innate Abilities, Weirdness & Mutations

You have a pair of horns on your head.
You reflexively headbutt those who attack you in melee.


Message History

The two-headed ogre hits you with a +0 giant club!!
* * * LOW HITPOINT WARNING * * *
The two-headed ogre hits you with a +0 giant club!
* * * LOW HITPOINT WARNING * * *
You climb upwards.
There is a stone staircase leading down here.
You feel much better. The deep troll barely misses you.
You furiously retaliate!
You headbutt the deep troll!
The deep troll claws you but does no damage.
The deep troll claws you.
* * * LOW HITPOINT WARNING * * *
The two-headed ogre barely misses you.
The two-headed ogre hits you with a +0 giant club!
* * * LOW HITPOINT WARNING * * *
You feel much better. The deep troll bites you!
* * * LOW HITPOINT WARNING * * *
The deep troll barely misses you.
The deep troll claws you but does no damage.
You slash the two-headed ogre! You freeze the two-headed ogre.
Your headbutt misses the two-headed ogre.
The two-headed ogre is severely wounded.
You slash the deep troll! You freeze the deep troll.
The deep troll barely misses you.
The deep troll claws you but does no damage. x2
The two-headed ogre closely misses you.
The two-headed ogre hits you with a +0 giant club.
* * * LOW HITPOINT WARNING * * *
You hit the two-headed ogre but do no damage.
You headbutt the two-headed ogre!
The two-headed ogre is almost dead.
You hit the deep troll but do no damage.
The deep troll barely misses you.
The deep troll claws you but does no damage.
The deep troll claws you!
* * * LOW HITPOINT WARNING * * *
You slash the two-headed ogre! You freeze the two-headed ogre.
You kill the two-headed ogre!
Trog accepts your kill.
You barely miss the deep troll. The deep troll bites you!
You die...

#...).[...#...##....# ####..
##..[<)[..##.####..#####.#)[.
##.#[)[[...##.######.#...#).
##.[[[#.......#.##......###
##.)........#....#.##.## #
##..#..[....#....##...# #
##.........#..........###
###...#....)...........#.#.
##.##.##...@.##.......#.....
#.........T...#......#......
##...................##.....
###.#..........#....###.....
##....#..#...........#.....#.
#....##......#...............
##.####......#....##.........
##...###............#.........
##.#..##............##....##...


You could see a deep troll.

Vanquished Creatures
  An orc warlord (Orc:1)
  5 two-headed ogres
  Amaemon (D:8)
  Maggie (D:7)
  Joseph (D:7)
  An orange demon (D:8)
  2 rime drakes (Lair:1)
  2 cane toads (Lair:1)
  Psyche (D:8)
  2 komodo dragons (Lair:1)
  An unseen horror (D:10)
  2 trolls
  Grinder (D:5)
  4 blink frogs (Lair:1)
  5 spriggans (Bailey)
  A wraith (D:10)
  23 yaks
  2 steam dragons
  4 wargs
  An acid dragon (D:10)
  10 water moccasins
  15 orc warriors
  3 ice beasts
  A black bear (D:5)
  2 sky beasts
  10 ogres
  2 centaurs
  A phantom (D:4)
  Blork the orc (D:5)
  A kobold brigand (D:10)
  4 bullfrogs
  2 scorpions
  3 wights (D:9)
  9 killer bees
  4 howler monkeys
  2 jellies
  2 gnoll boudas
  15 orc priests
  6 hounds
  2 sleepcaps
  11 orc wizards
  5 iguanas
  10 gnolls
  8 adders
  An ufetubus (D:5)
  2 worms
  2 dart slugs (D:1)
  54 orcs
  3 endoplasms
  3 giant cockroaches
  8 goblins
  4 hobgoblins
  2 quokkas
  3 ball pythons
  5 bats
  4 frilled lizards
  7 kobolds
  3 rats
291 creatures vanquished.

Notes
Turn   | Place    | Note
-------+----------+-------------------------------------------
     0 | D:1      | math4jedi the Minotaur Berserker began the quest for the
                  | Orb.
     0 | D:1      | Reached XP level 1. HP: 19/19 MP: 0/0
   154 | D:1      | Reached skill level 4 in Axes
   161 | D:1      | Reached XP level 2. HP: 23/26 MP: 1/1
   583 | D:2      | Reached skill level 5 in Axes
   613 | D:2      | Reached XP level 3. HP: 31/31 MP: 2/2
   630 | D:2      | Found Nigechea's General Store.
   643 | D:2      | Found a faded altar of an unknown god.
  1128 | D:3      | Reached ** piety under Trog
  1216 | D:3      | Noticed a scorpion
  1226 | D:3      | Killed a scorpion
  1227 | D:3      | Reached skill level 6 in Axes
  1227 | D:3      | Reached XP level 4. HP: 37/40 MP: 3/3
  1229 | D:3      | Identified the +2 robe of Indecent Exposure {Str+3}
  1655 | D:4      | Found a staircase to the Ecumenical Temple.
  1659 | D:4      | Reached XP level 5. HP: 43/46 MP: 4/4
  1759 | D:4      | Identified a scroll of acquirement
  1763 | D:4      | Acquired the +4 pair of boots "Maexkeg" {rN+ Slay+3}
  1825 | D:4      | Reached XP level 6. HP: 55/55 MP: 5/5
  1914 | D:4      | Reached skill level 5 in Fighting
  2063 | D:4      | Noticed an orc warrior
  2094 | D:4      | Killed an orc warrior
  2095 | D:4      | Reached XP level 7. HP: 61/61 MP: 6/6
  2096 | D:4      | Reached skill level 5 in Armour
  2233 | D:5      | Entered Level 5 of the Dungeon
  2235 | D:5      | Noticed Grinder
  2235 | D:5      | Paralysed by Grinder for 5 turns
  2254 | D:5      | Killed Grinder
  2255 | D:5      | Reached skill level 5 in Dodging
  2266 | D:5      | Reached XP level 8. HP: 70/70 MP: 7/7
  2270 | D:5      | Reached skill level 7 in Axes
  2610 | D:5      | Noticed Blork the orc
  2616 | D:5      | Killed Blork the orc
  2617 | D:5      | Reached skill level 8 in Axes
  2617 | D:5      | Reached skill level 1 in Evocations
  2656 | D:5      | Reached *** piety under Trog
  2845 | D:5      | Noticed a troll
  2855 | D:5      | Killed a troll
  3055 | D:6      | Reached XP level 9. HP: 78/78 MP: 8/8
  3580 | D:7      | Noticed Joseph
  3600 | D:7      | Killed Joseph
  3630 | D:7      | Found a flagged portal.
  3652 | Bailey   | Entered a bailey
  3689 | Bailey   | HP: 2/81 [ogre/+0 halberd (15)]
  3699 | Bailey   | Reached skill level 5 in Evocations
  3970 | Bailey   | Reached XP level 10. HP: 73/88 MP: 9/9
  4043 | Bailey   | Reached skill level 9 in Axes
  4043 | Bailey   | Noticed a two-headed ogre
  4049 | Bailey   | Killed a two-headed ogre
  4436 | D:7      | Noticed Maggie
  4450 | D:7      | Killed Maggie
  4451 | D:7      | Reached skill level 10 in Axes
  4925 | D:8      | Noticed an orange demon
  4925 | D:8      | Noticed Amaemon
  4935 | D:8      | Killed Amaemon
  4938 | D:8      | Killed an orange demon
  5120 | D:8      | Found Vuesikho's Distillery.
  5185 | D:8      | Noticed Psyche
  5239 | D:8      | Killed Psyche
  5240 | D:8      | Reached skill level 10 in Fighting
  5711 | D:8      | Acquired a manual of Axes
  5713 | D:8      | Acquired a manual of Dodging
  5780 | D:8      | Reached XP level 11. HP: 94/99 MP: 10/10
  5995 | D:9      | Reached skill level 1 in Ranged Weapons
  6080 | D:9      | Found Xolin's Weapon Emporium.
  6282 | D:9      | Found Heluimnei's Distillery.
  6450 | D:9      | Reached skill level 10 in Dodging
  6584 | D:9      | Found Oseubot's Distillery.
  6647 | D:9      | Found an iron altar of Okawaru.
  6647 | D:9      | Found a bloodstained altar of Trog.
  6744 | D:9      | Reached skill level 10 in Armour
  6856 | D:9      | Identified the staff of death "Ywemp" {Fly rN+ Str+2}
  6966 | D:9      | Reached **** piety under Trog
  6992 | D:9      | Found Xacyum's Book Shoppe.
  7092 | D:10     | Entered Level 10 of the Dungeon
  7098 | D:10     | Reached skill level 11 in Axes
  7235 | D:10     | Found a staircase to the Orcish Mines.
  7444 | D:10     | Acquired a manual of Axes
  7804 | D:10     | Noticed a two-headed ogre
  7811 | D:10     | Killed a two-headed ogre
  7922 | D:10     | Noticed a two-headed ogre
  7932 | D:10     | Killed a two-headed ogre
  7983 | D:10     | Found a staircase to the Lair.
  8033 | D:10     | Found a glowing golden altar of the Shining One.
  8033 | D:10     | Found a shimmering altar of Xom.
  8049 | D:10     | Found an opulent altar of Gozag.
  8051 | D:10     | Found a broken altar of Ashenzari.
  8052 | D:10     | Found a sparkling altar of Nemelex Xobeh.
  8113 | Lair:1   | Entered Level 1 of the Lair of Beasts
  8126 | Lair:1   | Reached skill level 12 in Axes
  8436 | Lair:1   | Reached skill level 5 in Ranged Weapons
  8590 | Lair:1   | Reached XP level 12. HP: 110/110 MP: 11/11
  9489 | Orc:1    | Entered Level 1 of the Orcish Mines
  9524 | Orc:1    | Noticed a two-headed ogre
  9700 | D:10     | Killed a two-headed ogre
  9959 | Orc:1    | Noticed an orc warlord
  9977 | Orc:1    | Killed an orc warlord
  9978 | Orc:1    | Reached skill level 13 in Axes
 10363 | Orc:2    | Entered Level 2 of the Orcish Mines
 10363 | Orc:2    | Noticed an ogre mage
 10363 | Orc:2    | Noticed a two-headed ogre
 10363 | Orc:2    | Found Wodaf's Assorted Antiques.
 10408 | Orc:2    | Noticed a two-headed ogre
 10408 | Orc:2    | Found Peakiu's General Store.
 10408 | Orc:2    | Found Foofral's Assorted Antiques.
 10408 | Orc:2    | Noticed a two-headed ogre
 10409 | Orc:2    | Noticed a two-headed ogre
 10409 | Orc:2    | Noticed a two-headed ogre
 10442 | Orc:2    | Noticed a two-headed ogre
 10453 | Orc:2    | HP: 1/110 [two-headed ogre/+0 giant club (10)]
 10459 | Orc:1    | Killed a two-headed ogre
 10459 | Orc:1    | Mangled by a deep troll

Illustrated notes

Levels and vault maps discovered:
D:1:      dpeg_arrival_simpleton_a, layout_rooms, serial_bayou_pond_e
D:2:      layout_rooms, hellmonk_ecumenical_altar_blasted, serial_shops,
          shop_fountains
D:3:      layout_loops_ring
D:4:      layout_basic, minmay_temple_entry_mini_moons, st_stairs_8
D:5:      layout_cave_pools, serial_column_ruins, column_ruins_courtyard_long,
          column_ruins_corridor_straight, column_ruins_grid_1,
          column_ruins_open_tiny, column_ruins_columns_straight,
          minmay_small_thing, uniq_blork_the_orc, uniq_grinder
D:6:      layout_rooms, hex_large
D:7:      layout_basic, enter_bailey_3, dk_noncrumbling_3, uniq_joseph,
          uniq_maggie
D:8:      layout_loops_ring, serial_shops, shop, uniq_psyche, uniq_amaemon
D:9:      layout_basic, grunt_temple_overflow_bloody_war, serial_shops,
          nicolae_shop_stone, shop, shop, shop, minmay_misc_feat_rows
D:10:     minmay_evil_eye, layout_stronghold,
          chequers_temple_overflow_minitemple, lair_entry_dummy
D:11:     layout_roguey, uniq_josephine
Lair:1:   layout_cave_pods, grunt_megastairs_4, lemuel_fruit_fields,
          lemuel_fruit_tree
Orc:1:    layout_caves
Orc:2:    st_orc_open, layout_caves

Skill      XL: |  1  2  3  4  5  6  7  8  9 10 11 12 |
---------------+-------------------------------------+-----
Axes           | 4 5 6 8 10 12 13 | 13.6
Fighting       | 4 5 6 8 10 11 | 11.6
Armour         | 3 4 6 8 9 11 | 11.6
Dodging        | 3 4 6 8 9 11 12 | 12.0
Evocations     | 3 5 6 |  6.0
Ranged Weapons | 5 6 |  6.2

Action                     |  1- 3 |  4- 6 |  7- 9 | 10-12 || total
---------------------------+-------+-------+-------+-------++-------
  Melee: Hand axe          |   107 |    74 |   220 |   199 ||   600
         Headbutt          |     7 |    14 |    47 |   103 ||   171
         Punch             |     1 |       |     1 |     3 ||     5
         Unarmed           |       |       |       |     3 ||     3
         War axe           |       |       |       |   233 ||   233
  Throw: Dart              |       |       |     5 |    11 ||    16
 Invoke: Trog's Hand       |     1 |     1 |     6 |    20 ||    28
         Berserk           |       |     1 |     1 |     2 ||     4
  Evoke: Wand              |       |       |       |     2 ||     2
    Use: Scroll            |       |     7 |     5 |     8 ||    20
         Potion            |       |       |     3 |     3 ||     6
 Armour: Animal skin       |     2 |       |       |       ||     2
         Crystal plate arm |   104 |    57 |   196 |   338 ||   695
  Dodge: Dodged            |    24 |    13 |    70 |   133 ||   240
